 Dungeon Crawl Stone Soup version 0.17.1-2-g5865329 (webtiles) character file.

621 Peloso the Covered (level 7, -3/61 HPs)
             Began as a Minotaur Fighter on Feb 14, 2016.
             Slain by a wyvern (14 damage)
             ... on level 5 of the Dungeon.
             The game lasted 00:08:41 (3965 turns).

Peloso the Covered (Minotaur Fighter)               Turns: 3965, Time: 00:08:41

Health: -3/61      AC: 10    Str: 23    XL:     7   Next: 22%
Magic:  6/6        EV:  7    Int:  5    God:
Gold:   278        SH: 15    Dex: 11    Spells: 0 memorised, 6 levels left

rFire  . . .     SeeInvis .     a - +1 long sword
rCold  . . .     Clarity  .     b - +0 scale mail
rNeg   . . .     SustAt   .     p - +0 large shield
rPois  .         Gourm    .     (helmet restricted)
rElec  .         Spirit   .     f - +0 cloak
rCorr  .         Warding  .     x - +0 pair of gloves
rMut   .         Stasis   .     (no boots)
MR     .....                    w - amulet of rage
Stlth  ..........               (no ring)
                                o - +2 ring of strength

@: not resistant to hostile enchantments, extremely unstealthy
A: retaliatory headbutt, horns 2
a: Evoke Berserk Rage


You were on level 5 of the Dungeon.
You were not hungry.

You visited 1 branch of the dungeon, and saw 5 of its levels.

You collected 278 gold pieces.

Inventory:

Hand Weapons
 a - a +1 long sword (weapon)
Armour
 b - a +0 scale mail (worn)
 f - a +0 cloak (worn)
 p - a +0 large shield (worn)
 x - a +0 pair of gloves (worn)
Jewellery
 o - a +2 ring of strength (left hand)
 w - an amulet of rage (around neck)
Wands
 y - a wand of lightning (15)
Scrolls
 g - a scroll of random uselessness {unknown}
 i - 2 scrolls of recharging
 j - 4 scrolls of enchant armour {unknown}
 l - 2 scrolls of remove curse
 m - a scroll of amnesia {unknown}
 n - 4 scrolls of fear {unknown}
 t - a scroll of identify
 u - 6 scrolls of teleportation {unknown}
Potions
 c - a potion of cure mutation
 d - 2 potions of might
 k - a potion of curing {unknown}
 r - a potion of agility
 v - a potion of mutation {unknown}
 z - a potion of lignification {unknown}
Comestibles
 e - 6 bread rations
 h - a slice of pizza
 q - 5 meat rations
 s - 3 fruits
 A - 3 chunks of flesh


   Skills:
 + Level 5.0 Fighting
 + Level 3.9 Long Blades
 + Level 6.0 Armour
 + Level 3.4 Dodging
 + Level 0.3 Stealth
 + Level 6.0 Shields


You had 6 spell levels left.
You didn't know any spells.

Dungeon Overview and Level Annotations

Branches:
Dungeon (5/15)
 Temple: D:4-7

Altars:

Annotations:
D:5 Crazy Yiuf


Innate Abilities, Weirdness & Mutations

You reflexively headbutt those who attack you in melee.
You have a pair of horns on your head.


Message History

* * * LOW HITPOINT WARNING * * *
You block the wyvern's attack.
You hit the wyvern.
The wyvern is moderately wounded.
You block the wyvern's attack. x2
Crazy Yiuf the Enlightened comes into view.
He is wielding a quarterstaff of chaos.
Drink which item? (? for menu, Esc to quit)
Okay, then.
Read which item? (? for menu, Esc to quit)
Okay, then.
The wyvern bites you but does no damage.
The wyvern barely misses you. You furiously retaliate!
You headbutt the wyvern! You block the wyvern's attack.
The wyvern bites you but does no damage.
You block the wyvern's attack.
You barely miss the wyvern. Your headbutt misses the wyvern.
The wyvern is severely wounded.
The wyvern bites you but does no damage.
The wyvern bites you!
You die...

........................#
....##.. #..##.........#
....##...##..##.........#
..........[........รท....#
.....>..................#
....##...###.###...##..###
...[##...############..>.#
..........#..............#
..........#.....@l.......#
..........#..............#
..l.##...###..####.###..##
...g########'#####.#######
....#....#.......#.......#
.g.g'....#.......#.......#
....##...####'##########.#
...g##...##...##########.#
.........................##


You could see a wyvern.

Vanquished Creatures
  Menkaure (D:5)
  An ogre (D:5)
  Blork the orc (D:5)
  A centaur zombie (D:5)
  A giant frog skeleton (D:4)
  A worker ant (D:3)
  A hound (D:5)
  A gnoll shaman (D:4)
  An orc wizard (D:4)
  4 adders
  6 gnolls
  3 oozes
  An adder zombie (D:5)
  A worm (D:3)
  5 giant geckos
  4 orcs (D:4)
  A ball python (D:3)
  4 bats
  7 giant cockroaches
  A goblin (D:1)
  10 hobgoblins
  3 jackals (D:3)
  2 quokkas (D:2)
  A giant cockroach zombie (D:5)
  A giant gecko skeleton (D:3)
  5 giant newts
  4 kobolds
  A quokka zombie (D:5)
  5 rats
78 creatures vanquished.

Notes
Turn   | Place    | Note
--------------------------------------------------------------
     0 | D:1      | Peloso the Minotaur Fighter began the quest for the Orb.
     0 | D:1      | Reached XP level 1. HP: 19/19 MP: 0/0
   224 | D:1      | Reached XP level 2. HP: 27/27 MP: 1/1
   345 | D:1      | Reached skill level 4 in Armour
   642 | D:1      | Reached XP level 3. HP: 31/33 MP: 2/2
  1120 | D:2      | Reached skill level 1 in Dodging
  1321 | D:2      | Noticed an orc warrior
  1321 | D:2      | Noticed a wasp
  1401 | D:2      | Reached XP level 4. HP: 33/40 MP: 3/3
  1619 | D:3      | Reached skill level 5 in Armour
  2370 | D:4      | Reached XP level 5. HP: 33/46 MP: 4/4
  3050 | D:5      | Entered Level 5 of the Dungeon
  3051 | D:5      | Noticed Menkaure
  3057 | D:5      | Killed Menkaure
  3057 | D:5      | Reached skill level 5 in Shields
  3057 | D:5      | Reached XP level 6. HP: 39/53 MP: 5/5
  3065 | D:5      | Noticed an ogre
  3138 | D:5      | Killed an ogre
  3763 | D:5      | Noticed Blork the orc
  3780 | D:5      | Killed Blork the orc
  3780 | D:5      | Reached skill level 5 in Fighting
  3780 | D:5      | Reached skill level 6 in Armour
  3780 | D:5      | Reached XP level 7. HP: 38/61 MP: 6/6
  3945 | D:5      | Noticed a wyvern
  3954 | D:5      | Noticed Crazy Yiuf
  3965 | D:5      | Slain by a wyvern

Action                   |  1- 3 |  4- 6 |  7- 9 || total
-------------------------+-------+-------+-------++-------
Melee: Long sword        |   113 |   124 |    22 ||   259
  Use: Scroll            |       |     8 |       ||     8
  Eat: Chunk             |     1 |     8 |     1 ||    10
